 Dungeon Sprint DCSS version 0.30-a0-469-g84de5afbc5 (webtiles) character file.

Game seed: 7747424918622432319

4000000 NinjaNoafa the Intangible (level 23, -171/201 HPs)
             Began as a Djinni Warper on Dec 19, 2022.
             Was the Champion of Makhleb.
             Annihilated by a destroyer
             ... wielding a +9 vorpal great sword
              (188 damage)
             ... in the Dungeon (Sprint VIII: "Arena of Blood").
             The game lasted 00:01:58 (40 turns).

NinjaNoafa the Intangible (Djinni Warper)             Turns: 40, Time: 00:01:58

Health: -171/201   AC:  6    Str: 10    XL:     23   Next: 2%
Gold:   0          EV: 33    Int: 17    God:    Makhleb [******] SH:  0 Dex: 22

rFire   + + .      SeeInvis .    i - +∞ Axe of Woe
rCold   x . .      Faith    .    (shield currently unavailable)
rNeg    . . .      Spirit   .    b - +0 leather armour
rPois   ∞          Reflect  .    (no helmet)
rElec   .          Harm     .    (no cloak)
rCorr   .          Rampage  .    (no gloves)
Will    ++...      NoTele   +    (boots unavailable)
Stlth   ++++......               (no amulet)
HPRegen 0.53/turn                (no ring)
MPRegen 0.00/turn                (no ring)

@: flying
A: sickness immunity, fire resistance 2, cold vulnerability 1, float, innate
caster, HP casting, extra vitality 1
a: Renounce Religion, Minor Destruction, Lesser Servant of Makhleb, Major
Destruction, Greater Servant of Makhleb


You were in the Dungeon.
You worshipped Makhleb.
Makhleb was exalted by your worship.
You visited 1 branch

Inventory:

Hand Weapons
 a - a +0 hand axe
 i - the +∞ Axe of Woe (weapon)
   (You found it in the Dungeon)
Missiles
 d - 7 boomerangs of dispersal (quivered)
Armour
 b - a +0 leather armour (worn)
Scrolls
 c - 2 scrolls of blinking
Potions
 e - a potion of curing
 f - a potion of heal wounds
 g - a potion of haste
 h - a potion of berserk rage


   Skills:
 O Level 27 Fighting
 + Level 8.9(10.5) Short Blades
 + Level 8.9(10.5) Long Blades
 O Level 27 Axes
 + Level 8.1(20.0) Maces & Flails
 + Level 8.1(20.0) Polearms
 + Level 8.9(11.9) Staves
 + Level 8.1 Ranged Weapons
 O Level 27 Throwing
 O Level 27 Armour
 O Level 27 Dodging
 + Level 8.9 Stealth
 + Level 9.7 Shields
 + Level 9.7 Unarmed Combat
 O Level 27 Spellcasting
 O Level 27 Invocations
 + Level 9.7 Evocations


You had 8 spell levels left.
You knew the following spells:

 Your Spells              Type           Power      Damage    Failure   Level
a - Blink                 Tloc           100%       N/A       0%          2
b - Lesser Beckoning      Tloc           100%       N/A       0%          3
c - Vhi's Electric Charg  Tloc/Air       100%       N/A       0%          3
d - Teleport Other        Tloc           86%        N/A       0%          3
e - Manifold Assault      Tloc           86%        N/A       0%          4
f - Magic Dart            Conj           100%       1d8       0%          1
g - Passwall              Tmut/Erth      71%        N/A       0%          2
h - Spider Form           Tmut/Pois      86%        N/A       0%          3
i - Summon Guardian Gole  Hex/Summ       86%        N/A       0%          3
j - Arcjolt               Conj/Air       43%        1d53      0%          5
k - Freezing Cloud        Conj/Ice/Air   43%        6-21      0%          5
l - Eringya's Noxious Bo  Tmut/Pois      43%        N/A       0%          6
m - Dispersal             Tloc           43%        N/A       0%          6
n - Haunt                 Necr/Summ      43%        N/A       1%          7
o - Spellforged Servitor  Conj/Summ      43%        N/A       1%          7
p - Infestation           Necr           43%        N/A       1%          8
Your spell library was empty.

Dungeon Overview and Level Annotations

Branches:
Dungeon (1/1)

Altars:
Makhleb


Innate Abilities, Weirdness & Mutations

You are immune to sickness and miasma.
You are immune to poison.
Your flesh is very heat resistant. (rF++)
You are vulnerable to cold. (rC-)
You float through the air rather than walking.
You learn spells naturally, not from books.
Your magical power is your life essence.
You have superior vitality. (+4 MHP)


Message History

The destroyer points at you and mumbles some strange words.
The destroyer blinks!
You hear a shout!
The destroyer shouts!
Casting: Infestation (mildly dangerous; 1% risk of failure)
Confirm with . or Enter, or press ? or * to list all spells.
Space momentarily warps into an impossible shape!
You slice the bag of meat!!
You hew the bag of meat savagely.
You kill the bag of meat!
Makhleb accepts your kill.
You feel better.
You hit the large bag of meat.
Flame seeps out of the large bag of meat.
You chop the large bag of meat into pieces.
Makhleb accepts your kill.
You feel better.
You hit the destroyer but do no damage.
You pulverise the destroyer into a thin bloody mist.
You destroy the destroyer!
Makhleb accepts your kill.
You feel better.
You slash the bag of meat!
You cleave the bag of meat in twain.
You kill the bag of meat!
Makhleb accepts your kill.
A death scarab bursts from the bag of meat!
The large bag of meat explodes!
A death scarab bursts from the bag of meat!
You hear a shout! x4
The destroyer hits you with a +9 vorpal great sword!!!!!
Ouch! That really hurt!
* * * LOW HITPOINT WARNING * * *
x2 The destroyer bites you!
* * * LOW HITPOINT WARNING * * *
You hear a shout!
A bag of meat comes into view. It is wielding a +9 war axe.
You hear a shout!
The bag of meat is engulfed in blazing flames.
You hear a shout!
A bag of meat comes into view. It is wielding a +9 war axe.
You hear a shout!
The destroyer hits you with a +9 vorpal great sword!!!!!
Ouch! That really hurt!
You die...

o...........
§☼○o.......
°)○o.......
§☼§V)..o).
#..O§§§O# o .
#§.o§○..# ...
..###...o§.V###o...
......z###@VV§o....
.......)_)V§§§.§)).
..#)))))#§§B.)..
#_)<)_#Bo.....
#.....#......#
....._......Oo..
......###....)..).
..###... ...###..o.
. #).. ...# ).§.


You could see 5 destroyers, a large bag of meat (inner flame), 2 meat
berserkers, 11 bags of meat and 2 friendly death scarabs.

Vanquished Creatures
  Harold (D)
  5 vampire knights (D)
  12 ogres (D)
  3 two-headed ogres (D)
  A hydra (D)
  26 orcs (D)
  2 skeletal warriors (D)
50 creatures vanquished.

Notes
Turn   | Place    | Note
-------+----------+-------------------------------------------
     0 | D        | Found the +∞ Axe of Woe
     0 | D        | NinjaNoafa the Djinni Warper began the quest for the Orb.
     0 | D        | NinjaNoafa set off with the following spells memorised:
                  | Blink, Lesser Beckoning, Vhi's Electric Charge, Teleport
                  | Other, Manifold Assault.
     0 | D        | Reached XP level 1. HP: 18/18 MP: 0/0
     1 | D        | Noticed a bag of meat
     2 | D        | Noticed a bag of meat
     4 | D        | Became a worshipper of Makhleb the Destroyer
     4 | D        | Noticed a bag of meat
     4 | D        | Noticed a bag of meat
     5 | D        | Noticed a bag of meat
     6 | D        | Killed a bag of meat
     6 | D        | Noticed a bag of meat
     7 | D        | Reached skill level 10 in Armour
     7 | D        | Reached XP level 2. HP: 37/37 MP: 0/0
     7 | D        | Reached XP level 3. HP: 42/42 MP: 0/0
     7 | D        | Learned a level 1 spell: Magic Dart
     7 | D        | Reached XP level 4. HP: 49/49 MP: 0/0
     7 | D        | Reached XP level 5. HP: 53/53 MP: 0/0
     7 | D        | Learned a level 2 spell: Passwall
     7 | D        | Reached XP level 6. HP: 59/59 MP: 0/0
     7 | D        | Reached XP level 7. HP: 65/65 MP: 0/0
     7 | D        | Learned a level 3 spell: Spider Form
     7 | D        | Reached XP level 8. HP: 71/71 MP: 0/0
     7 | D        | Reached XP level 9. HP: 76/76 MP: 0/0
     7 | D        | Learned a level 3 spell: Summon Guardian Golem
     7 | D        | Reached XP level 10. HP: 82/82 MP: 0/0
     7 | D        | Reached XP level 11. HP: 87/87 MP: 0/0
     7 | D        | Learned a level 5 spell: Arcjolt
     8 | D        | Killed a bag of meat
     8 | D        | Reached * piety under Makhleb
     9 | D        | Reached skill level 10 in Axes
     9 | D        | Reached skill level 10 in Throwing
     9 | D        | Reached skill level 10 in Spellcasting
     9 | D        | Reached XP level 12. HP: 96/96 MP: 0/0
    10 | D        | Noticed a meat berserker
    10 | D        | Killed a bag of meat
    11 | D        | Reached XP level 13. HP: 104/104 MP: 0/0
    11 | D        | Learned a level 5 spell: Freezing Cloud
    11 | D        | Killed a bag of meat
    12 | D        | Reached skill level 15 in Dodging
    12 | D        | Killed a bag of meat
    12 | D        | Reached ** piety under Makhleb
    12 | D        | Noticed a meat berserker
    13 | D        | Reached skill level 15 in Fighting
    13 | D        | Reached skill level 15 in Armour
    13 | D        | Reached XP level 14. HP: 114/114 MP: 0/0
    13 | D        | Killed a meat berserker
    13 | D        | Noticed a bag of meat
    13 | D        | Noticed a bag of meat
    13 | D        | Noticed a meat berserker
    14 | D        | Noticed a meat berserker
    14 | D        | Noticed a meat berserker
    14 | D        | Noticed a meat berserker
    15 | D        | Killed a bag of meat
    15 | D        | Killed a meat berserker
    15 | D        | Reached *** piety under Makhleb
    15 | D        | Noticed a bag of meat
    16 | D        | Reached skill level 15 in Axes
    16 | D        | Reached skill level 15 in Throwing
    16 | D        | Reached XP level 15. HP: 126/126 MP: 0/0
    16 | D        | Learned a level 6 spell: Eringya's Noxious Bog
    17 | D        | Killed a meat berserker
    17 | D        | Noticed a destroyer
    18 | D        | Reached XP level 16. HP: 134/134 MP: 0/0
    18 | D        | Killed a meat berserker
    18 | D        | Reached **** piety under Makhleb
    19 | D        | Reached skill level 15 in Spellcasting
    19 | D        | Killed a meat berserker
    19 | D        | Killed a meat berserker
    20 | D        | Reached XP level 17. HP: 146/146 MP: 0/0
    20 | D        | Learned a level 6 spell: Dispersal
    20 | D        | Reached ***** piety under Makhleb
    20 | D        | Noticed a meat berserker
    21 | D        | Killed a destroyer
    22 | D        | Reached XP level 18. HP: 156/156 MP: 0/0
    23 | D        | Noticed a destroyer
    24 | D        | Noticed a large bag of meat
    25 | D        | Killed a meat berserker
    26 | D        | Killed a destroyer
    27 | D        | Reached XP level 19. HP: 117/166 MP: 0/0
    27 | D        | Learned a level 7 spell: Haunt
    27 | D        | Noticed a destroyer
    27 | D        | Noticed a meat berserker
    27 | D        | Noticed an eight-headed meat hydra
    27 | D        | Noticed a meat berserker
    27 | D        | Noticed a large bag of meat
    28 | D        | Noticed a destroyer
    28 | D        | Killed a large bag of meat
    28 | D        | Killed a destroyer
    28 | D        | Noticed a meat berserker
    29 | D        | Reached skill level 27 in Dodging
    29 | D        | Reached XP level 20. HP: 128/176 MP: 0/0
    29 | D        | Reached ****** piety under Makhleb
    30 | D        | Killed a meat berserker
    31 | D        | Killed a meat berserker
    31 | D        | Noticed a meat berserker
    32 | D        | Reached skill level 27 in Fighting
    32 | D        | Reached skill level 27 in Armour
    32 | D        | Reached XP level 21. HP: 165/187 MP: 0/0
    32 | D        | Learned a level 7 spell: Spellforged Servitor
    32 | D        | Noticed a meat berserker
    32 | D        | Noticed The Servant
    33 | D        | Killed The Servant
    33 | D        | Killed a meat berserker
    33 | D        | Killed a meat berserker
    34 | D        | Reached skill level 27 in Axes
    34 | D        | Reached skill level 27 in Throwing
    34 | D        | Reached skill level 27 in Spellcasting
    34 | D        | Reached skill level 27 in Invocations
    34 | D        | Reached skill level 1 in Short Blades
    34 | D        | Reached skill level 1 in Long Blades
    34 | D        | Reached skill level 1 in Maces & Flails
    34 | D        | Reached skill level 1 in Polearms
    34 | D        | Reached skill level 1 in Staves
    34 | D        | Reached skill level 1 in Ranged Weapons
    34 | D        | Reached skill level 1 in Stealth
    34 | D        | Reached skill level 1 in Shields
    34 | D        | Reached skill level 1 in Unarmed Combat
    34 | D        | Reached skill level 1 in Evocations
    34 | D        | Reached XP level 22. HP: 43/194 MP: 0/0
    34 | D        | Killed a nine-headed meat hydra
    34 | D        | Killed a meat berserker
    34 | D        | Killed a large bag of meat
    34 | D        | Noticed a destroyer
    34 | D        | Noticed a destroyer
    34 | D        | Noticed a large bag of meat
    35 | D        | Reached skill level 5 in Short Blades
    35 | D        | Reached skill level 5 in Long Blades
    35 | D        | Reached skill level 5 in Maces & Flails
    35 | D        | Reached skill level 5 in Polearms
    35 | D        | Reached skill level 5 in Staves
    35 | D        | Reached skill level 5 in Ranged Weapons
    35 | D        | Reached skill level 5 in Stealth
    35 | D        | Killed a destroyer
    35 | D        | Noticed a destroyer
    36 | D        | Noticed a large bag of meat
    36 | D        | Noticed a destroyer
    37 | D        | Noticed a meat berserker
    37 | D        | Noticed a meat berserker
    38 | D        | Noticed a destroyer
    39 | D        | Reached XP level 23. HP: 163/201 MP: 0/0
    39 | D        | Learned a level 8 spell: Infestation
    39 | D        | Noticed a destroyer
    40 | D        | Killed a large bag of meat
    40 | D        | Killed a destroyer
    40 | D        | Annihilated by a destroyer

Illustrated notes

Levels and vault maps discovered:
D:        meatsprint

Skill      XL: |  1  2  3  4  5  6  7  8  9 10 11 12 13 14 15 16 17 18 19 20 21 22 |
---------------+-------------------------------------------------------------------+-----
Fighting       | 11 12 13 15 17 18 21 22 24 25 27 | 27.0
Axes           | 9 10 11 13 15 16 18 19 20 22 24 27 | 27.0
Throwing       | 9 10 11 13 15 18 19 20 21 24 27 | 27.0
Armour         | 10 12 13 15 17 18 21 22 24 25 27 | 27.0
Dodging        | 11 13 14 16 19 20 22 24 26 27 | 27.0
Spellcasting   | 8 10 11 12 14 16 18 19 20 22 27 | 27.0
Invocations    | 7 9 14 16 18 20 24 27 | 27.0
Short Blades   | 1 8 |  8.9
Long Blades    | 1 8 |  8.9
Maces & Flails | 1 8 |  8.1
Polearms       | 1 8 |  8.1
Staves         | 1 8 |  8.9
Ranged Weapons | 1 8 |  8.1
Stealth        | 1 8 |  8.9
Shields        | 1 9 |  9.7
Unarmed Combat | 1 9 |  9.7
Evocations     | 1 9 |  9.7

Action                   |  1- 3 |  4- 6 |  7- 9 | 10-12 | 13-15 | 16-18 | 19-21 | 22-24 || total
-------------------------+-------+-------+-------+-------+-------+-------+-------+-------++-------
Melee: Executioner's axe |     1 |       |       |     2 |     5 |     6 |    19 |    10 ||    43
 Cast: Arcjolt           |       |       |       |       |       |     1 |       |       ||     1
       Manifold Assault  |       |       |       |       |       |       |     5 |     2 ||     7
       Infestation       |       |       |       |       |       |       |       |     1 ||     1
Dodge: Dodged            |       |       |       |     1 |       |     1 |     2 |       ||     4

Table legend: (Time is in decaauts)
 A = Elapsed time spent in this place.
 B = Non-inter-level travel time spent in this place.
 C = Inter-level travel time spent in this place.
 D = Time resting spent in this place.
 E = Time spent auto-exploring this place.
 F = Levels seen in this place.
 G = Mean time per level.
                   A        B        C        D        E       F      G
               +--------+--------+--------+--------+--------+-----+--------+
         Total |     39 |     39 |      0 |      0 |      0 |   1 |   39.0 |
       Dungeon |     39 |     39 |      0 |      0 |      0 |   1 |   39.0 |
               +--------+--------+--------+--------+--------+-----+--------+

Top non-repeatable levels by time:
       D: 39 daAuts
